 Dungeon Crawl Stone Soup version 0.26.1-10-gdfb7c7de75 (webtiles) character file.

Game seed: 12785918182632745357

23 Electrofox the Shield-Bearer (level 2, -2/26 HPs)
             Began as a Minotaur Fighter on Apr 6, 2021.
             Succumbed to Terence's poison
             ... on level 2 of the Dungeon.
             The game lasted 00:02:37 (898 turns).

Electrofox the Shield-Bearer (Minotaur Fighter)      Turns: 898, Time: 00:02:37

Health: -2/26      AC:  6    Str: 20    XL:     2   Next: 75%
Magic:  1/1        EV:  7    Int:  5    God:
Gold:   52         SH:  9    Dex:  9    Spells: 1/1 levels left

rFire    . . .     SeeInvis .   a - +0 war axe
rCold    . . .     Faith    .   c - +0 kite shield
rNeg     . . .     Spirit   .   b - +0 scale mail
rPois    .         Reflect  .   (helmet restricted)
rElec    .         Harm     .   (no cloak)
rCorr    .         Rampage  .   (no gloves)
Will     .....                  (no boots)
Stlth    ..........             (no amulet)
HPRegen  0.08/turn              (no ring)
MPRegen  0.07/turn              (no ring)

@: lethally poisoned (-2 -> -38)
A: retaliatory headbutt, horns 2
a: no special abilities


You were on level 2 of the Dungeon.
You visited 1 branch of the dungeon, and saw 2 of its levels.

You collected 52 gold pieces.

Inventory:

Hand Weapons
 a - a +0 war axe (weapon)
 m - a +0 hunting sling
Armour
 b - a +0 scale mail (worn)
 c - a +0 kite shield (worn)
 n - a +0 cloak
 s - a +0 pair of boots
Jewellery
 g - an uncursed ring of poison resistance {unknown}
Scrolls
 e - a scroll of magic mapping {unknown}
 i - 3 scrolls of identify {unknown}
 o - a scroll of fog {unknown}
 p - 2 scrolls of random uselessness {unknown}
 q - 2 scrolls of remove curse {unknown}
 r - a scroll of teleportation {unknown}
Potions
 d - a potion of might
 f - a potion of curing {unknown}
 h - a potion of berserk rage {unknown}
 j - a potion of magic {unknown}
 k - a potion of invisibility {unknown}
 l - a potion of heal wounds {unknown}


   Skills:
 - Level 3.6 Fighting
 * Level 3.6 Axes
 - Level 3.6 Armour
 + Level 4.1 Shields


You had one spell level left.
You didn't know any spells.
Your spell library was empty.

Dungeon Overview and Level Annotations

Branches:
Dungeon (2/15)

Altars:
Ashenzari

Annotations:
D:2 Terence


Innate Abilities, Weirdness & Mutations

You reflexively headbutt those who attack you in melee.
You have a pair of horns on your head.


Message History

Terence hits you but does no damage.
You are more poisoned.
Your shield and scale mail prevent you from hitting Terence.
You feel sick.
Terence hits you with a +2 trident of venom.
You are lethally poisoned!
You slash Terence!
Terence is moderately wounded.
You feel sick. You block Terence's attack.
You hit Terence but do no damage.
Terence is moderately wounded.
You feel sick.
Terence hits you with a +2 trident of venom!
* * * LOW HITPOINT WARNING * * *
Terence hits you with a +2 trident of venom.
* * * LOW HITPOINT WARNING * * *
You are more poisoned.
You slash Terence!
Terence is almost dead.
You die...

#..... #................#
#.....##................#
........................#
...................>....#
#.....#####.#...........#
###### #.#...........#
#.#...........#
#.#...........#
#....@@.......##
#######...........
#........... #....###....
##.........# #......###.#
#......# #.# #......# #.#
#......# #.#


You could see Terence.

Vanquished Creatures
  2 dart slugs (D:1)
  A giant cockroach (D:1)
  2 goblins (D:1)
  3 hobgoblins (D:1)
  3 kobolds (D:1)
  A quokka (D:2)
  2 bats (D:1)
  4 rats
18 creatures vanquished.

Notes
Turn   | Place    | Note
-------+----------+-------------------------------------------
     0 | D:1      | Electrofox the Minotaur Fighter began the quest for the
                  | Orb.
     0 | D:1      | Reached XP level 1. HP: 19/19 MP: 0/0
    39 | D:1      | Found a broken altar of Ashenzari.
   133 | D:1      | Reached XP level 2. HP: 18/26 MP: 1/1
   345 | D:1      | Reached skill level 4 in Shields
   875 | D:2      | Noticed Terence
   898 | D:2      | Succumbed to Terence's poison

Illustrated notes

Levels and vault maps discovered:
D:1:      psy_arrival_radial01, layout_rooms, evilmike_ruin_ashenzari
D:2:      layout_basic, uniq_crazy_yiuf_cottage, uniq_terence

Skill      XL: |  1  2 |
---------------+-------+-----
Axes           | 3 |  3.6
Shields        | 4 |  4.1
Fighting       | |  3.6
Armour         | |  3.6

Action                   || total
-------------------------++-------
Melee: War axe           ||    46
       Headbutt          ||     5
Armor: Scale mail        ||    14
Dodge: Dodged            ||    12
Block: Kite shield       ||    21
